 Dungeon Crawl Stone Soup version 0.17-a0-877-ga10078a (webtiles) character file.

5877 namelastname112 the Covert (level 10, 0/84 HPs)
             Began as a Yellow Draconian Assassin on Apr 30, 2015.
             Was an Initiate of Gozag.
             Slain by Maud
             ... wielding a +6 battleaxe of chopping
              (30 damage)
             ... on level 10 of the Dungeon.
             The game lasted 00:28:42 (11389 turns).

namelastname112 the Covert (DrAs)                  Turns: 11389, Time: 00:28:43

Health: 0/84       AC:  9    Str: 15      XL:     10   Next: 52%
Magic:  12/12      EV: 14    Int: 11      God:    Gozag
Gold:   1101       SH:  0    Dex: 14 (15) Spells: 0 memorised, 9 levels left

rFire  . . .     SeeInvis .     b - +0 blowgun
rCold  . . .     Clarity  .     (armour unavailable)
rNeg   . . .     SustAb   .     (no shield)
rPois  +         Gourm    .     (helmet restricted)
rElec  .         Spirit   .     c - +1 cloak
rCorr  +         Warding  .     (no gloves)
rMut   .         Stasis   +     (no boots)
MR     .....                    i - amulet of stasis
Stlth  ++++......               E - ring of invisibility
                                k - ring of poison resistance

@: not resistant to hostile enchantments, stealthy
A: spit acid, acid resistance, unfitting armour, cold-blooded, AC +7
a: Spit Acid, Potion Petition, Call Merchant, Bribe Branch, Renounce Religion,
Evoke Invisibility


You were on level 10 of the Dungeon.
You worshipped Gozag.
Gozag was noncommittal.
You were very hungry.

You visited 1 branch of the dungeon, and saw 10 of its levels.
You also visited: Sewer.

You collected 1289 gold pieces.
You spent 75 gold pieces at shops.
You paid 113 gold pieces to Gozag.

Inventory:

Hand weapons
 a - a +1 dagger of venom
 b - a +0 blowgun (weapon)
 z - a +2 rapier of flaming
 G - a +0 great sword
Missiles
 d - 36 poisoned needles
 e - 2 curare-tipped needles (quivered)
 s - 2 throwing nets
Armour
 c - a +1 cloak (worn)
 x - a +0 buckler
Jewellery
 i - an amulet of stasis (around neck)
 k - a ring of poison resistance (left hand)
 y - an uncursed ring of teleport control
 B - an uncursed ring of teleportation
 E - a ring of invisibility (right hand)
 M - a +6 ring of intelligence
 N - an uncursed ring of magical power
Magical devices
 h - a wand of random effects (10)
 j - a wand of magic darts (48)
 J - a wand of magic darts (27)
 L - a wand of draining (6)
Scrolls
 m - 3 scrolls of remove curse
 n - 9 scrolls of identify
 p - 2 scrolls of fog {unknown}
 q - 5 scrolls of teleportation {unknown}
 u - 4 scrolls of enchant armour
 A - a scroll of blinking
 C - a scroll of amnesia {unknown}
 F - 2 scrolls of vulnerability {unknown}
 I - a scroll of recharging
 K - 2 scrolls of fear {unknown}
Potions
 l - 3 potions of flight
 o - a potion of invisibility
 r - a potion of brilliance
 t - 2 potions of resistance {unknown}
 v - a potion of mutation {unknown}
 w - 3 potions of magic {unknown}
 D - a potion of cure mutation {unknown}
 H - 3 potions of agility
Comestibles
 f - 2 bread rations
 g - 2 fruits


   Skills:
 - Level 6.5 Fighting
 + Level 7.5 Short Blades
 - Level 5.4 Throwing
 - Level 5.0 Dodging
 + Level 10.0 Stealth
 + Level 3.7 Evocations


You had 9 spell levels left.
You didn't know any spells.

Dungeon Overview and Level Annotations

Branches:
Dungeon (10/15)            Temple (0/1) D:7             Orc (0/4) D:10
   Lair: D:8-11

Altars:
Dithmenos
Elyvilon
Fedhas
Gozag
Makhleb
Qazlal
Ru
Sif Muna
Trog
Vehumet
Yredelemnul
Zin
The Shining One

Shops:
D:5 ?

Annotations:
D:10 Maud


Innate Abilities, Weirdness & Mutations

You can spit globs of acid.
You are resistant to acid.
Your golden yellow scales are hard (AC +7).
Your body does not fit into most forms of armour.
You are cold-blooded and may be slowed by cold attacks.


Message History

No target in view!
You now have 1101 gold pieces (gained 5).
Found a staircase to the Orcish Mines.
Maud the Forgotten comes into view.
She is wielding a battleaxe of chopping.
Maud shouts!
There is a staircase to the Orcish Mines here.
Maud is nearby!
You hit Maud but do no damage.
Maud is poisoned.
Maud barely misses you.
You hit Maud but do no damage.
Maud looks even sicker.
You hit Maud but do no damage.
Maud hits you with a battleaxe of chopping!!!
Ouch! That really hurt!
There is a staircase to the Orcish Mines here.
Your +1 dagger of venom stops dripping with poison.
b - a +0 blowgun (weapon)
A phantom comes into view.
Maud screams, "'Entarex' is mine!"
Maud hits you with a battleaxe of chopping!!
You die...
Your body crumbles into a pile of gold.

###### ....# .# #.#.#
.# #.#.#####.#
####....##...#
.........<...#
######..##..######
#..............
#.#.####.@###..######
#.........@.W..#
#########.###>.########
$#########.#
##......... ..........#
#.######## ###########
#.# #.# #.# #..


You could see Maud and a phantom.

Vanquished Creatures
  3 yaks (D:9)
  Eustachio (D:5)
  A deep elf mage (D:9)
  Menkaure (D:5)
  A hungry ghost (D:9)
  3 water moccasins
  6 orc warriors
  Duvessa (D:7)
  2 phantoms
  3 ice beasts
  A black bear (D:8)
  A necrophage (D:7)
  3 ogres
  2 sky beasts
  4 centaurs
  A big kobold (D:8)
  2 gnoll sergeants
  5 giant frogs
  Dowan (D:7)
  2 scorpions
  A water moccasin zombie (D:8)
  9 killer bees
  A giant frog zombie (D:7)
  A jelly (D:8)
  4 hounds
  2 centaur skeletons
  A quasit (D:9)
  6 orc priests
  2 giant frog skeletons (D:5)
  7 worker ants
  5 iguanas
  5 orc wizards
  3 hound skeletons
  2 hound zombies
  A worker ant zombie (D:5)
  Robin (D:2)
  12 gnolls
  14 adders
  A river rat (D:4)
  2 shadow imps
  An adder zombie (D:6)
  4 oozes (Sewer)
  An adder skeleton (D:9)
  5 worms
  6 giant geckos
  24 orcs
  16 bats
  A bat skeleton (D:4)
  2 bat zombies
  5 giant cockroaches
  22 goblins
  18 hobgoblins
  11 jackals
  21 kobolds
  2 quokkas
  3 ball pythons
  3 giant gecko skeletons
  9 giant newts
  A giant spore (D:6)
  15 rats
  6 ballistomycetes
300 creatures vanquished.

Vanquished Creatures (others)
  A giant spore (D:9)
1 creature vanquished.

Grand Total: 301 creatures vanquished

Notes
Turn   | Place    | Note
--------------------------------------------------------------
     0 | D:1      | namelastname112, the Draconian Assassin, began the quest for the Orb.
     0 | D:1      | Reached XP level 1. HP: 17/17 MP: 1/1
    12 | D:1      | Reached skill level 1 in Dodging
    48 | D:1      | Reached XP level 2. HP: 9/25 MP: 2/2
   709 | D:2      | Reached XP level 3. HP: 26/30 MP: 3/3
   890 | D:2      | Reached skill level 4 in Stealth
   935 | D:2      | Noticed Robin
  1354 | D:2      | Killed Robin
  1354 | D:2      | Reached XP level 4. HP: 9/38 MP: 4/4
  2003 | D:3      | Reached XP level 5. HP: 43/45 MP: 5/5
  2393 | D:4      | Noticed an ogre
  2429 | D:4      | Killed an ogre
  2605 | D:4      | HP: 2/46 [iguana (9)]
  2606 | D:4      | Reached XP level 6. HP: 2/52 MP: 6/6
  3083 | D:4      | Found a glowing drain.
  3096 | Sewer    | Entered a sewer
  3220 | Sewer    | Reached skill level 5 in Stealth
  3832 | D:5      | Entered Level 5 of the Dungeon
  3832 | D:5      | Noticed Menkaure
  4074 | D:5      | Your scales start taking on a golden yellow colour.
  4074 | D:5      | Reached XP level 7. HP: 32/60 MP: 7/7
  4358 | D:5      | Found Montalul's Magic Scroll Shoppe.
  4358 | D:5      | Noticed a water moccasin
  4531 | D:5      | Killed a water moccasin
  4531 | D:5      | Reached skill level 5 in Fighting
  4824 | D:5      | Bought a scroll of blinking for 75 gold pieces
  4933 | D:5      | Noticed Eustachio
  4972 | D:5      | Killed Eustachio
  4972 | D:5      | Reached XP level 8. HP: 45/69 MP: 8/8
  5100 | D:5      | Found a glowing golden altar of the Shining One.
  5101 | D:5      | Noticed an angel
  5105 | D:5      | Found a basalt altar of Yredelemnul.
  5106 | D:5      | Noticed a profane servitor
  5160 | D:5      | Reached skill level 6 in Stealth
  5184 | D:5      | Killed Menkaure
  5184 | D:5      | Reached skill level 5 in Throwing
  6554 | D:6      | Reached skill level 5 in Dodging
  6862 | D:5      | Reached skill level 1 in Short Blades
  7233 | D:6      | Reached skill level 7 in Stealth
  7365 | D:6      | Reached XP level 9. HP: 78/78 MP: 9/9
  7479 | D:6      | Found a stormy altar of Qazlal.
  7535 | D:6      | Found a deep blue altar of Sif Muna.
  7536 | D:6      | Found a sacrificial altar of Ru.
  7539 | D:6      | Found a blossoming altar of Fedhas.
  7543 | D:6      | Found an opulent altar of Gozag.
  7580 | D:6      | Found a burning altar of Makhleb.
  7580 | D:6      | Found a bloodstained altar of Trog.
  7582 | D:6      | Found a shadowy altar of Dithmenos.
  7584 | D:6      | Found a radiant altar of Vehumet.
  7586 | D:6      | Found a white marble altar of Elyvilon.
  7601 | D:6      | Became a worshipper of Gozag Ym Sagoz the Greedy
  7996 | D:7      | Noticed Duvessa
  8021 | D:7      | Killed Duvessa
  8027 | D:7      | Noticed Dowan
  8041 | D:7      | Killed Dowan
  8207 | D:7      | Reached skill level 8 in Stealth
  8294 | D:7      | Found a staircase to the Ecumenical Temple.
  8535 | D:7      | Reached skill level 5 in Short Blades
  9033 | D:8      | Reached skill level 9 in Stealth
  9372 | D:8      | Found a glowing silver altar of Zin.
  9627 | D:8      | Reached XP level 10. HP: 84/84 MP: 10/10
  9852 | D:8      | Reached skill level 1 in Evocations
 11356 | D:10     | Entered Level 10 of the Dungeon
 11357 | D:10     | Reached skill level 10 in Stealth
 11361 | D:10     | Found a staircase to the Orcish Mines.
 11371 | D:10     | Noticed Maud
 11389 | D:10     | Slain by Maud

Action                   |  1- 3 |  4- 6 |  7- 9 | 10-12 || total
-------------------------+-------+-------+-------+-------++-------
Melee: Dagger            |   135 |   332 |   414 |   292 ||  1173
       Unarmed           |       |     2 |       |       ||     2
       Rapier            |       |       |   149 |       ||   149
 Fire: Blowgun           |       |     2 |    59 |       ||    61
Throw: Throwing net      |       |     1 |     2 |     2 ||     5
 Abil: Spit Acid         |       |       |     2 |       ||     2
       Evoke Invisibilit |       |       |       |     1 ||     1
  Use: Potion            |     1 |     4 |     1 |       ||     6
       Scroll            |       |     8 |     1 |       ||     9
 Stab: Sleeping          |     3 |     7 |    18 |     5 ||    33
       Distracted        |       |       |     7 |     1 ||     8
       Held in net/web   |       |       |     2 |     1 ||     3
       Invisible         |       |       |     2 |     3 ||     5
  Eat: Chunk             |     1 |     9 |    10 |       ||    20
       Fruit             |       |       |     3 |     2 ||     5
       Beef jerky        |       |       |     1 |     2 ||     3
       Meat ration       |       |       |     1 |       ||     1
       Pizza             |       |       |     1 |       ||     1
